[Event "*** Titled Tuesday Blitz"]
[Site "Chess.com"]
[Date "2020.05.26"]
[Round "5"]
[White "GregShahade"]
[Black "Msb2"]
[Result "1-0"]
[WhiteElo "2644"]
[BlackElo "2861"]
[TimeControl "180+1"]
[EndTime "10:57:08 PDT"]
[Termination "GregShahade won on time"]

1. e4 e6 2. d4 d5 3. Nd2 c5 4. exd5 Qxd5 5. dxc5 Nf6 6. Ngf3 Qxc5 7. Bd3 Nbd7 8. O-O Qc7 9. Qe2 Nc5 10. Bb5+ Bd7 11.
Nb3 Bxb5 12. Qxb5+ Ncd7 13. Bg5 a6 14. Qe2 Bd6 15. Rad1 O-O 16. Rfe1 Rad8 17. c3 Rfe8 18. h3 h6 19. Bc1 Nf8 20. Nbd2 Ng6 21. Ne4 Nxe4 22.
Qxe4 Bc5 23. Be3 Bxe3 24. Qxe3 Rxd1 25. Rxd1 Rd8 26. Rd4 Rxd4 27. Qxd4 Ne7 28. c4 Nc6 29. Qd2 Qe7 30. b3 g5 31. Qd3 Kg7 32. g3 Qf6 33. Kg2 h5 34. Qe4 Qg6 35. Qe3 g4 36. hxg4 hxg4 37. Ne5 Nxe5 38. Qxe5+ Kh7 39. Qf4 Kg7 40. Qd4+ Kh7 41. c5 Qf5 42. b4 Qf3+ 43. Kh2 Kg6 44. a4 Kf5 45. b5 axb5 46. axb5 Qb3 47. Qf4+ Kg6 48. Qxg4+ Kf6 49. Qf4+ Ke7 50. Qc7+ Kf6 51. Qxb7 Qb2 52. Kg2 Qc2 53. Qf3+ Kg7 54. c6 Qc5 55.
Qd3 f5 56. Qd7+ Kf6 57. c7 Qc2 58. Qc6 1-0

[Event "*** Titled Tuesday Blitz"]
[Site "Chess.com"]
[Date "2020.05.26"]
[Round "5"]
[White "Siemba"]
[Black "White_Ghost"]
[Result "1-0"]
[WhiteElo "2296"]
[BlackElo "2473"]
[TimeControl "180+1"]
[EndTime "10:57:08 PDT"]
[Termination "Siemba won by checkmate"]

1. d4 Nf6 2. c4 d6 3. Nc3 Nbd7 4. e4 g6 5. h3 Bg7 6. Be3 O-O 7. g4 c5 8. Nge2 cxd4 9. Nxd4 Nc5 10. Bg2 Nfd7 11.
O-O Ne5 12. b3 e6 13. f4 Nc6 14. Rc1 Ne7 15. Ndb5 b6 16. Nxd6 Bd7 17. e5 Bc6 18. b4 Bxg2 19. Kxg2 Na6 20. a3 Qc7 21. Nce4 Rfd8 22.
Qa4 Nb8 23. Rfd1 Nbc6 24. Nb5 Qb7 25. Ned6 Qb8 26. Qa6 Rd7 27. Rd2 Bf8 28. Rcd1 h5 29.
Ne4 Rxd2+ 30. Rxd2 Nxe5 31. fxe5 Qxe5 32. Nbc3 hxg4 33.
hxg4 Bg7 34. Qb7 Re8 35. Qd7 Kf8 36. Bd4 Qb8 37. Bxg7+ Kxg7 38. Nd6 Qa8+ 39. Kg3 Rf8 40. Qxe7 Qh1 41. Rf2 Qg1+ 42. Kf3 Qc1 43. Nce4 Qxa3+ 44. Kg2 Qe3 45. Rxf7+ Rxf7 46. Qxf7+ Kh6 47. Qf8+ Kh7 48.
Nf6# 1-0

[Event "*** Titled Tuesday Blitz"]
[Site "Chess.com"]
[Date "2020.05.26"]
[Round "5"]
[White "Gabrielian_Artur"]
[Black "stanyga"]
[Result "0-1"]
[WhiteElo "2745"]
[BlackElo "2610"]
[TimeControl "180+1"]
[EndTime "10:57:10 PDT"]
[Termination "stanyga won on time"]

1. e4 c5 2. Nc3 Nc6 3. Bb5 Nd4 4. Bc4 g6 5. Nf3 Bg7 6. Nxd4 cxd4 7. Qf3 Nf6 8. Ne2 e5 9. c3 d5 10. Bxd5 Bg4 11.
Qd3 Nxd5 12. Qb5+ Qd7 13. Qxd7+ Kxd7 14. exd5 d3 15. f3 Bf5 16. g4 Bxg4 17. fxg4 dxe2 18. Kxe2 e4 19. Rf1 Rhf8 20. b3 f5 21. Ba3 Rf7 22.
gxf5 gxf5 23. d3 Bxc3 24. Rac1 exd3+ 25. Kxd3 Be5 26. Rc2 Rg8 27. Rcf2 Rg5 28. Re2 Bd6 29. Bc1 f4 30. Rf3 Rxd5+ 31. Kc2 Be5 32. Bd2 Kd6 33. Bb4+ Ke6 34. Rd2 Rfd7 35. Rxd5 Rxd5 36. Rd3 Rxd3 37. Kxd3 Kd5 38. Bd2 f3 39. h3 Bd4 40. Bf4 f2 41. Ke2 Ke4 42. Bd6 a6 43. a4 Be5 44. Be7 Bd4 45.
Bd6 Be5 46. Be7 Kd4 0-1

[Event "*** Titled Tuesday Blitz"]
[Site "Chess.com"]
[Date "2020.05.26"]
[Round "5"]
[White "KaterinaMiroshnik"]
[Black "Dmitry_Konenkin"]
[Result "0-1"]
[WhiteElo "2396"]
[BlackElo "2280"]
[TimeControl "180+1"]
[EndTime "10:57:10 PDT"]
[Termination "Dmitry_Konenkin won by checkmate"]

1. d4 d6 2. c4 e5 3. Nf3 e4 4.
Nfd2 f5 5. e3 Nf6 6. Be2 Be7 7.
O-O O-O 8. Nc3 c6 9. b3 d5 10. Bb2 Be6 11. Rc1 Nbd7 12. cxd5 cxd5 13. Nb5 Ne8 14.
Ba3 Bxa3 15. Nxa3 a6 16. Nc2 Nd6 17. Nb4 f4 18. Bg4 Qf6 19. exf4 Nf5 20. Bxf5 Qxf5 21. g3 Qh3 22. Nc2 Bg4 23. f3 exf3 24. Nxf3 Nf6 25.
Ne3 Bh5 26. Qd2 Rae8 27. Ne5 Ne4 28. Qg2 Qe6 29. g4 Bf7 30. f5 Qb6 31. Nc2 Rxe5 32. Kh1 Ree8 33. g5 Bh5 34. Rg1 g6 35. f6 Qe6 36.
Rce1 Qf5 37. Rgf1 Qxg5 38. Ne3 Qxg2+ 39. Kxg2 Nxf6 40. h3 Kg7 41. Kh2 Re4 42. Ng2 Rfe8 43. Rc1 Rxd4 44. Rc7+ Kh6 45. Rxf6 Re2 46. Rc1 Rdd2 47.
Rg1 Kg5 48. Rf7 d4 49. h4+ Kh6 50. Kh3 Rd3+ 51. Kh2 Bf3 52. h5 Bg4 53. hxg6 Rh3# 0-1

[Event "*** Titled Tuesday Blitz"]
[Site "Chess.com"]
[Date "2020.05.26"]
[Round "5"]
[White "angryhorse9"]
[Black "Shivagami"]
[Result "1-0"]
[WhiteElo "2472"]
[BlackElo "2223"]
[TimeControl "180+1"]
[EndTime "10:57:12 PDT"]
[Termination "angryhorse9 won by resignation"]

1. e4 e5 2. Bc4 Nf6 3. d3 c6 4. Nf3 d5 5. Bb3 dxe4 6. Ng5 Be6 7. Bxe6 fxe6 8. Nxe4 Nxe4 9. dxe4 Qxd1+ 10. Kxd1 Bc5 11. Ke2 O-O 12. Nd2 Rxf2+ 13. Kd3 Rxg2 14. Nb3 Bb6 15. Be3 Bxe3 16. Kxe3 Nd7 17. Rad1 Nf6 18.
Rd2 Rg4 19. Nc5 b6 20. Nxe6 Rxe4+ 21. Kf2 Nd5 22. Re1 Rxe1 23. Kxe1 h6 24. c4 Ne3 25. Rd7 Nf5 26. b3 Re8 27. Nc7 Re7 28. Rd8+ Kf7 29. Na6 e4 30. Nb4 e3 31. Nxc6 Re4 32. Ke2 Nh4 33. Rd4 Rxd4 34. Nxd4 Ng2 35. Nc6 a6 36. Nb8 Ke6 37. Nxa6 Ke5 38. c5 bxc5 39. Nxc5 Kd4 40. Ne6+ Ke5 41. Nxg7 Ke4 42. Nh5 Kd4 43. b4 Kc4 44. a3 Kb5 45. Kf3 e2 46. Kxe2 Nh4 47. Kd3 Ka4 48. Kc4 Kxa3 49. b5 1-0

[Event "*** Titled Tuesday Blitz"]
[Site "Chess.com"]
[Date "2020.05.26"]
[Round "5"]
[White "GM4life"]
[Black "SlavenPastar"]
[Result "0-1"]
[WhiteElo "2370"]
[BlackElo "2400"]
[TimeControl "180+1"]
[EndTime "10:57:12 PDT"]
[Termination "SlavenPastar won by checkmate"]

1. e4 e5 2. Nf3 Nc6 3. Bb5 Nf6 4. d3 Bc5 5. Bxc6 dxc6 6. Nc3 O-O 7. h3 Re8 8. Be3 Nd7 9. Qe2 Bxe3 10. Qxe3 Nf8 11. O-O-O Qe7 12. g4 b6 13. Kb1 b5 14. Ne2 b4 15.
Ng3 a5 16. Nf5 Bxf5 17. exf5 c5 18. g5 e4 19. Rde1 c4 20. dxe4 c3 21. e5 a4 22.
f6 Qe6 23. Nd4 Qa6 24. fxg7 Ng6 25. f4 cxb2 26. Nf5 b3 27. Nh6+ Kxg7 28. Qc3 bxa2+ 29.
Kxa2 Qe6+ 30. Kb1 a3 31. f5 a2+ 32. Kxb2 Reb8+ 33. Ka1 Rb1+ 34. Rxb1 axb1=Q+ 35. Kxb1 Qa2+ 36. Kc1 Qa1+ 37. Kd2 Rd8+ 38. Qd3 Rxd3+ 39. cxd3 Qxh1 40. f6+ Kf8 41. e6 Qh2+ 42. Kc3 fxe6 43. Ng4 Qxh3 44. Nf2 Qf3 45. Ne4 Qxe4 46. dxe4 Kf7 47. Kd4 Nf4 48. Ke5 Nd3+ 49. Kd4 Nf2 50. Ke5 Nh3 51. Kd4 Nxg5 52. Kc5 Kxf6 53. Kc6 Ke5 54. Kxc7 Kxe4 55. Kd6 h5 56. Ke7 h4 57. Kf6 h3 58. Kxg5 h2 59. Kg4 h1=Q 60. Kg5 Kd5 61. Kf6 e5 62. Kf5 e4 63. Kf4 Kd4 64. Kg3 e3 65. Kf4 e2 66.
Kg4 e1=Q 67. Kf4 Qh2+ 68. Kf5 Qhf2+ 69. Kg4 Qeg1+ 70. Kh3 Qfh2# 0-1

[Event "*** Titled Tuesday Blitz"]
[Site "Chess.com"]
[Date "2020.05.26"]
[Round "5"]
[White "GMNickPert"]
[Black "druskacik"]
[Result "0-1"]
[WhiteElo "2703"]
[BlackElo "2590"]
[TimeControl "180+1"]
[EndTime "10:57:13 PDT"]
[Termination "druskacik won on time"]

1. d4 d5 2. Nf3 e6 3. c4 Nf6 4. Nc3 a6 5. Bg5 dxc4 6. e4 b5 7.
Be2 h6 8. Bh4 Bb7 9. e5 g5 10. Bg3 Nd5 11. O-O Nd7 12. Nd2 c5 13. Nde4 Qb6 14. Nxd5 Bxd5 15. Nc3 Bb7 16. d5 O-O-O 17. d6 Bg7 18. a4 Nxe5 19. axb5 axb5 20. Bxe5 Bxe5 21. Bf3 Rxd6 22. Qe2 Bxc3 23. bxc3 Rhd8 24. Ra2 Rd3 25. Bxb7+ Kxb7 26. Rfa1 b4 27. cxb4 cxb4 28. Qe4+ R8d5 29. g3 b3 30. Ra7+ Qxa7 31. Rxa7+ Kxa7 32. Qxc4 Kb6 33. Qb4+ Kc6 34. Qa4+ Kc5 35. Qa5+ Kc4 36.
Qc7+ Kb4 37. Qb7+ Kc3 38. Qc7+ Kd2 39. Qxf7 b2 40. Qb7 Kc1 41. Qc6+ Kd1 42. Qb6 Kc2 43. Qc6+ Rc3 44. Qa4+ Kc1 45. Qb4 Rdd3 46. Kg2 b1=Q 47. Qe4 Rxg3+ 0-1

[Event "*** Titled Tuesday Blitz"]
[Site "Chess.com"]
[Date "2020.05.26"]
[Round "5"]
[White "Moon_stone123"]
[Black "MusicCityMaster"]
[Result "0-1"]
[WhiteElo "2511"]
[BlackElo "2366"]
[TimeControl "180+1"]
[EndTime "10:57:13 PDT"]
[Termination "MusicCityMaster won on time"]

1. Nf3 Nf6 2. g3 c5 3. Bg2 g6 4.
O-O Bg7 5. c4 Nc6 6. Nc3 O-O 7. d4 cxd4 8. Nxd4 Nxd4 9. Qxd4 d6 10. Qd3 a6 11. Rd1 Qc7 12. Bg5 Be6 13. b3 Rab8 14.
Rac1 Rfc8 15. Nd5 Bxd5 16. cxd5 Qa5 17. Qd2 Qxd2 18. Bxd2 Kf8 19. e4 Nd7 20. Bh3 Ke8 21. Kf1 Bb2 22. Rxc8+ Rxc8 23. Ke2 b5 24. Bxd7+ Kxd7 25.
Kd3 e6 26. Bb4 e5 27. Rd2 Bd4 28. f3 f5 29. Rc2 Rxc2 30. Kxc2 h5 31. h3 Bf2 32. g4 fxg4 33. fxg4 hxg4 34. hxg4 Ke7 35. Kd3 Bh4 36. Ke2 Bg5 37. Kf3 Bc1 38. a4 bxa4 39.
bxa4 Bg5 40. Ke2 Kd7 41. Kd3 Kc7 42. Ba5+ Kd7 43. Kc4 Be3 44. Bb4 Bb6 45. Bd2 Bd8 46. Be3 Ba5 47. Ba7 Bd8 48. Bb8 Bb6 49. a5 Bc5 50.
Kd3 Kc8 51. Kc4 Kxb8 52. Kb3 Kc7 53. Ka4 Kb7 54. Kb3 Bd4 55. Ka4 Bc3 0-1

[Event "*** Titled Tuesday Blitz"]
[Site "Chess.com"]
[Date "2020.05.26"]
[Round "5"]
[White "Crazy_girl99"]
[Black "JuliaEfremova"]
[Result "1-0"]
[WhiteElo "2407"]
[BlackElo "2214"]
[TimeControl "180+1"]
[EndTime "10:57:14 PDT"]
[Termination "Crazy_girl99 won by resignation"]

1. Nf3 Nf6 2. g3 g6 3. Bg2 Bg7 4. O-O O-O 5. d4 d6 6. c4 c6 7.
Nc3 Qc7 8. h3 a5 9. e4 e5 10.
Be3 Nbd7 11. d5 Rd8 12. Rc1 Qb8 13. Qc2 cxd5 14. cxd5 b5 15. Nd2 b4 16. Na4 Ba6 17. Rfd1 Rc8 18. Qb3 Qb7 19. Bf1 Bxf1 20. Kxf1 Qa6+ 21. Kg2 h5 22. Rc4 Rxc4 23. Qxc4 Qxc4 24. Nxc4 Bf8 25. f3 Ne8 26. b3 Nc7 27. Nab6 Nxb6 28. Bxb6 Nb5 29. Bxa5 Nc3 30. Rd2 Rb8 31. Rc2 Rb5 32. Bc7 Nd1 33. Rd2 Nc3 34. Bxd6 Bxd6 35. Nxd6 Ra5 36. Nc4 Ra8 37. Nxe5 Nxa2 38. Nc6 Nc1 39. Nxb4 Nxb3 40. Rb2 Nd4 41. Nc6 Ra4 42.
Nxd4 Rxd4 43. Kf2 Kg7 44. Ke3 Rd1 45. Rd2 Ra1 46. e5 Ra8 47. d6 Kf8 48. f4 Ke8 49. g4 Kd7 50. gxh5 gxh5 51. f5 Ra3+ 52. Rd3 Ra5 53. Ke4 Ra4+ 54. Rd4 Ra3 55. Rb4 Rxh3 56.
Rb7+ Kd8 57. Rxf7 Rh1 58. Kd5 h4 59. Ke6 Kc8 60. Rh7 h3 61. d7+ Kc7 62. Ke7 Rd1 63. Ke8 h2 64. d8=Q+ 1-0

[Event "*** Titled Tuesday Blitz"]
[Site "Chess.com"]
[Date "2020.05.26"]
[Round "5"]
[White "DariaVoit"]
[Black "HarutyunianTigranK"]
[Result "1/2-1/2"]
[WhiteElo "2504"]
[BlackElo "2698"]
[TimeControl "180+1"]
[EndTime "10:57:15 PDT"]
[Termination "Game drawn by stalemate"]

1. d4 Nf6 2. Nf3 g6 3. c4 Bg7 4. Nc3 d5 5. Qb3 dxc4 6. Qxc4 O-O 7. e4 a6 8. Be2 b5 9. Qb3 Bb7 10. e5 Nd5 11. a4 c5 12. axb5 cxd4 13. Nxd5 Bxd5 14.
Qd3 axb5 15. Rxa8 Bxa8 16. Qxb5 Nc6 17. O-O Qb8 18. Rd1 Nxe5 19. Nxd4 Qc7 20. b4 Rb8 21. Qc5 Qb7 22. Nf3 Nc6 23. b5 Nd8 24. Be3 Ne6 25.
Qa7 Qc8 26. b6 Bf6 27. Ba6 Qe8 28. b7 g5 29. bxa8=Q Rxa8 30. Qb6 g4 31. Ne1 Be5 32. Be2 h5 33. Qb5 Qxb5 34. Bxb5 Kg7 35. Bc4 Nf4 36. Bxf4 Bxf4 37. g3 Bd6 38. f3 Rc8 39. Bd3 Rb8 40. fxg4 hxg4 41. Ng2 Rb2 42. Kh1 e6 43.
Nf4 Bxf4 44. gxf4 Rf2 45. Rf1 Rxf1+ 46. Bxf1 f5 47. Kg2 Kf6 48. Kg3 e5 49. Bc4 exf4+ 50.
Kxf4 Kg7 51. Bd3 Kh6 52. Bxf5 Kg7 53. Bxg4 Kh8 54. h4 Kg7 55. h5 Kh8 56. Kg5 Kg7 57.
h6+ Kh8 58. Kg6 Kg8 59. h7+ Kh8 60. Bf5 1/2-1/2

[Event "*** Titled Tuesday Blitz"]
[Site "Chess.com"]
[Date "2020.05.26"]
[Round "5"]
[White "VALPARAISO37"]
[Black "Carnivoras"]
[Result "0-1"]
[WhiteElo "2354"]
[BlackElo "2616"]
[TimeControl "180+1"]
[EndTime "10:57:16 PDT"]
[Termination "Carnivoras won on time"]

1. d4 d5 2. c4 c6 3. Nc3 e6 4. e3 Nf6 5. Nf3 Nbd7 6. Bd3 Bd6 7. O-O O-O 8. e4 dxe4 9. Nxe4 Nxe4 10. Bxe4 e5 11.
Bg5 f6 12. c5 Be7 13. Be3 f5 14. Bd3 e4 15. Bc4+ Kh8 16. Ne1 Nf6 17. h3 Nd5 18. Nc2 f4 19. Bd2 f3 20. Be3 fxg2 21. Kxg2 Rf3 22. Rh1 Qe8 23. Be2 Qg6+ 24. Kf1 Bxh3+ 25. Ke1 Qg2 26. Bxf3 exf3 27. Rxh3 Qxh3 28. Kd2 Bf6 29. Qh1 Qf5 30. Rg1 Re8 31. Qh2 Qe4 32. Qg3 Nxe3 33. fxe3 Qd5 34. b3 b6 35. cxb6 axb6 36. Rf1 c5 37. Qxf3 Qd7 38. Qf5 Qd6 39. d5 Qh2+ 40. Rf2 Qh1 41. d6 Rd8 42. d7 Qc6 43. Rh2 Qxd7+ 44. Qxd7 Rxd7+ 45. Ke2 g6 46. a4 h5 47.
Rg2 Kh7 48. Ne1 g5 49. Nf3 g4 50. Nh2 Kg6 51. Nxg4 hxg4 52. Rxg4+ Kf5 53. Rf4+ Ke6 54. b4 cxb4 55. Rxb4 Bd8 56. Rb5 Kd6 57. Kd3 Kc6+ 58. Kc4 Rd1 59. Kc3 Ra1 60. Rb4 Be7 61. Rc4+ Bc5 62.
Kd3 Ra3+ 63. Kd2 Kd5 64. Rc3 Bb4 65. Kc2 Rxc3+ 66. Kb2 Kc4 67. a5 bxa5 68. e4 a4 69. e5 a3+ 70. Kb1 Kb3 71. e6 a2+ 0-1

[Event "*** Titled Tuesday Blitz"]
[Site "Chess.com"]
[Date "2020.05.26"]
[Round "5"]
[White "doctorcristian"]
[Black "Grebeniuk-S"]
[Result "1-0"]
[WhiteElo "2312"]
[BlackElo "2482"]
[TimeControl "180+1"]
[EndTime "10:57:16 PDT"]
[Termination "doctorcristian won by resignation"]

1. d4 f5 2. g3 Nf6 3. Bg2 g6 4. Nh3 Bg7 5. c3 d6 6. Qb3 c6 7. Bg5 Qb6 8. Nd2 h6 9. Bxf6 Bxf6 10. Nf4 Qxb3 11. axb3 Kf7 12. e4 e5 13. dxe5 dxe5 14.
Nd3 Na6 15. Nc4 Be6 16. Ncxe5+ Kg7 17. exf5 Bxf5 18. O-O Rad8 19. Rfd1 Nc7 20. f4 a6 21. Nc5 Bc2 22. Rxd8 Rxd8 23. Nxb7 Rd2 24. Nc5 Nd5 25. Nf3 Re2 26. Re1 Rxe1+ 27. Nxe1 Bd1 28. Bf3 Bxf3 29. Nxf3 a5 30. Kf2 Kf7 31. Nb7 Be7 32. Nxa5 c5 33. Nc4 Ke6 34. Nfe5 Kf5 35. Kf3 h5 36. h3 g5 37. g4+ hxg4+ 38. hxg4+ Kf6 39. f5 Nf4 40. Nc6 Nd3 41. Nxe7 Kxe7 42. Ke4 Nc1 43. Nd2 Kd6 44.
Nf3 Nxb3 45. Nxg5 Nd2+ 46. Kd3 Nf1 47. Ne4+ Kd5 48. c4+ Ke5 49. Nxc5 Ng3 50. b4 Kd6 51. Ne4+ 1-0

[Event "*** Titled Tuesday Blitz"]
[Site "Chess.com"]
[Date "2020.05.26"]
[Round "5"]
[White "Klavdia_Nik"]
[Black "Ashedu66"]
[Result "0-1"]
[WhiteElo "2053"]
[BlackElo "2170"]
[TimeControl "180+1"]
[EndTime "10:57:18 PDT"]
[Termination "Ashedu66 won on time"]

1. Nf3 d5 2. c4 e6 3. b3 Nf6 4. Bb2 Be7 5. g3 O-O 6. Bg2 c6 7. O-O Nbd7 8. d3 a5 9. Nc3 Re8 10. Qc2 Bf8 11. e4 dxe4 12. dxe4 Nc5 13. Rad1 Qc7 14.
e5 Nfd7 15. Ne4 Nxe4 16. Qxe4 Nc5 17. Qc2 Bd7 18. Ng5 g6 19. h4 Red8 20. Kh2 Be8 21.
Ne4 Nxe4 22. Bxe4 Bg7 23. f4 Rxd1 24. Rxd1 Rd8 25. Bc3 Bf8 26. h5 Kg7 27. hxg6 hxg6 28.
Kg2 Rxd1 29. Qxd1 a4 30. b4 b6 31. Qxa4 b5 32. Qb3 Qa7 33. c5 Be7 34. Kf3 Bd7 35.
Bb2 Bc8 36. a3 Bb7 37. Qd3 Qa8 38. Qd7 Kf8 39. g4 Qa4 40. Qd3 Kg7 41. f5 gxf5 42.
gxf5 Bg5 43. fxe6 fxe6 44. Kg4 Bh6 45. Qd7+ Kf8 46. Qxe6 Qd1+ 47. Kf5 Qh5+ 0-1

[Event "*** Titled Tuesday Blitz"]
[Site "Chess.com"]
[Date "2020.05.26"]
[Round "5"]
[White "ameetghasi100"]
[Black "GeorgMeier"]
[Result "0-1"]
[WhiteElo "2708"]
[BlackElo "2984"]
[TimeControl "180+1"]
[EndTime "10:57:19 PDT"]
[Termination "GeorgMeier won by checkmate"]

1. Nf3 d5 2. g3 Bg4 3. Bg2 e6 4. O-O Nf6 5. d3 Be7 6. b3 O-O 7. h3 Bh5 8. Bb2 c5 9. c4 Nc6 10. a3 d4 11. b4 cxb4 12. axb4 Bxb4 13. Qa4 Bc5 14. Nbd2 e5 15. Nb3 Bb6 16. g4 Bg6 17. Nh4 Re8 18. c5 Bc7 19. Qc4 Qd7 20. Nd2 Rad8 21. Nxg6 hxg6 22. Rab1 Nd5 23. Ba1 Nf4 24. Rfe1 Ba5 25. Qc2 Nb4 26. Qc4 Nbd5 27. Nb3 Bxe1 28. Rxe1 Nxg2 29. Kxg2 Nf4+ 30. Kh2 Qc6 31. f3 b6 32. Bb2 Rc8 33. Bc1 Ne6 34. Ba3 bxc5 35. h4 Qc7 36. Nd2 e4+ 37. Kg1 exd3 38. Ne4 dxe2 39.
Rxe2 Nf4 40. Re1 Qd7 41. h5 gxh5 42. Qc1 Nh3+ 43. Kg2 hxg4 44. Kg3 gxf3 45. Nxc5 Qd5 46. Rxe8+ Rxe8 47. Kxh3 f2 48. Qf4 Qh1+ 49. Kg3 Qg1+ 50.
Kh4 f1=Q 51. Qg3 Qh1+ 52. Kg4 Qe2+ 53. Kf4 Qh6+ 54. Qg5 Qe3+ 55. Kg4 Qhxg5# 0-1

[Event "*** Titled Tuesday Blitz"]
[Site "Chess.com"]
[Date "2020.05.26"]
[Round "5"]
[White "Jungle_Jaguar"]
[Black "XiaoKangZhong"]
[Result "0-1"]
[WhiteElo "2573"]
[BlackElo "2436"]
[TimeControl "180+1"]
[EndTime "10:57:19 PDT"]
[Termination "XiaoKangZhong won by checkmate"]

1. e4 c6 2. d4 d5 3. exd5 cxd5 4.
Bd3 Nc6 5. c3 Nf6 6. Bf4 Bg4 7.
Qb3 Qc8 8. Nd2 e6 9. Ngf3 Be7 10.
O-O O-O 11. Rae1 Bh5 12. Ne5 Nd7 13. Qc2 Bg6 14. Nxg6 hxg6 15. Nf3 Qd8 16. Qd2 Re8 17. h4 Nf8 18. g3 a6 19. Kg2 b5 20. a3 Ra7 21.
Rh1 f6 22. Qc2 f5 23. Qd2 Bf6 24. h5 gxh5 25. Rxh5 Ne7 26. Be5 Neg6 27. Bxf6 Qxf6 28. Ne5 Nxe5 29. dxe5 Qg6 30. Rh4 Rc7 31. Be2 Qf7 32. Reh1 Ng6 33. Bh5 Nxh4+ 34. Rxh4 g6 35. Qh6 Qg7 36.
Qe3 gxh5 37. Rxh5 Kf8 38. Rg5 Qf7 39. g4 f4 40. Qh3 Ke7 41. Qh6 Rg8 42. Rh5 Rcc8 43.
Kf3 Rcf8 44. g5 Rg7 45. Rh1 Rfg8 46. Rg1 Qf5 47. Qh4 Qe4+ 48. Kg4 f3+ 49. Kh3 Qxh4+ 50. Kxh4 Rh7+ 51. Kg4 Rxg5+ 52. Kxg5 Rg7+ 53. Kf4 Rxg1 54. Kxf3 Rb1 55. Ke3 Rxb2 56. f3 Ra2 57. Kd4 Rxa3 58. f4 Rb3 59. f5 exf5 60. Kxd5 Rxc3 61. e6 Rc8 62. Ke5 Rc6 63. Kxf5 Rxe6 64. Kf4 b4 65. Kf5 b3 66. Kf4 b2 67. Kg5 b1=Q 68. Kg4 a5 69. Kf4 a4 70. Kg5 a3 71. Kg4 a2 72.
Kg3 a1=Q 73. Kf4 Qaa2 74. Kg5 Qb4 75. Kh5 Qaa5# 0-1

[Event "*** Titled Tuesday Blitz"]
[Site "Chess.com"]
[Date "2020.05.26"]
[Round "5"]
[White "luizwas"]
[Black "Efremov_Vlad"]
[Result "0-1"]
[WhiteElo "1827"]
[BlackElo "2153"]
[TimeControl "180+1"]
[EndTime "10:57:19 PDT"]
[Termination "Efremov_Vlad won on time"]

1. e4 c5 2. Nf3 e6 3. d4 cxd4 4. Nxd4 Nc6 5. Nc3 Qc7 6. Be3 a6 7. a3 Nf6 8. f3 Be7 9. Qd2 b5 10. h4 h5 11. Rg1 Bb7 12. Be2 Rd8 13. Rd1 Nxd4 14. Bxd4 e5 15. Be3 d5 16. exd5 Nxd5 17. Kf2 Nxc3 18. Qxc3 Qxc3 19. bxc3 Bxh4+ 20. g3 Be7 21. Rxd8+ Bxd8 22. Rd1 Be7 23. f4 exf4 24. Bxf4 Bxa3 25.
Bc7 Bc5+ 26. Kf1 O-O 27. Bxh5 g6 28. Be2 Rc8 29. Be5 Be4 30. Rd7 Bxc2 31. Bg4 Re8 32. Bf6 a5 33. Be2 b4 34. cxb4 Bxb4 35. Bb5 Re1+ 36.
Kf2 Rd1 37. Rc7 Bf5 38. Bc4 Rd2+ 39. Ke3 Be6 40. Bxe6 fxe6 41. Rg7+ Kf8 42. Rxg6 Ra2 43. Rg4 Kf7 44. Bd4 Ra3+ 45. Ke4 a4 46. Ke5 Be7 47.
Ke4 Rb3 48. Rg7+ Ke8 49. Rg8+ Kd7 50. Ra8 a3 51. g4 Rb4 0-1

[Event "*** Titled Tuesday Blitz"]
[Site "Chess.com"]
[Date "2020.05.26"]
[Round "5"]
[White "Alexander_Moskalenko"]
[Black "SirMittensofMittensville"]
[Result "1/2-1/2"]
[WhiteElo "2791"]
[BlackElo "2618"]
[TimeControl "180+1"]
[EndTime "10:57:20 PDT"]
[Termination "Game drawn by repetition"]

1. e4 e5 2. Nf3 Nc6 3. Bb5 a6 4. Ba4 Nf6 5. O-O b5 6. Bb3 Bc5 7. d3 d6 8. h3 h6 9. a3 O-O 10. Nc3 Re8 11. Bd2 Be6 12. Bxe6 Rxe6 13. b4 Bb6 14.
Nd5 Ba7 15. c3 Re8 16. Nxf6+ Qxf6 17. a4 Bb6 18. Qe2 Ne7 19. Be3 Bxe3 20. fxe3 Ng6 21.
axb5 axb5 22. Ra5 Rxa5 23. bxa5 Ra8 24. Nd4 Qe7 25. Nf5 Qe6 26. Ra1 d5 27. Qf3 c6 28.
a6 Ra7 29. exd5 cxd5 30. e4 dxe4 31. dxe4 Rxa6 32. Rd1 Kh7 33. Qg4 Qf6 34. h4 Nf4 35. g3 Ne6 36. Rf1 Qg6 37. Qxg6+ fxg6 38. Ne7 Nc5 39. Re1 Ra4 40. Nc6 Rxe4 41. Rb1 Re3 42. Kh2 e4 43. Rxb5 Rxc3 44. Ne5 e3 45.
Kg2 Nd3 46. Nxd3 Rxd3 47. Re5 Rb3 48. Kf3 e2+ 49. Kf2 Rb2 50. Rxe2 Rxe2+ 51. Kxe2 Kg8 52. Ke3 Kf7 53. Kf4 Kf6 54. g4 g5+ 55. hxg5+ hxg5+ 56. Ke4 Ke6 57. Kd4 Kd6 58. Ke4 Ke6 59. Kd4 g6 60.
Ke4 Kd6 61. Kd4 Ke6 62. Ke4 Kd6 63. Kd4 Ke6 1/2-1/2

[Event "*** Titled Tuesday Blitz"]
[Site "Chess.com"]
[Date "2020.05.26"]
[Round "5"]
[White "A-Adly"]
[Black "Munkhzul_Turmunkh"]
[Result "1-0"]
[WhiteElo "2829"]
[BlackElo "2563"]
[TimeControl "180+1"]
[EndTime "10:57:21 PDT"]
[Termination "A-Adly won by resignation"]

1. Nf3 Nf6 2. g3 e6 3. Bg2 d5 4. O-O Be7 5. d3 O-O 6. Nbd2 c5 7. e4 Nc6 8. Re1 Qc7 9. h4 dxe4 10. dxe4 e5 11. c3 h6 12. Qc2 Be6 13. Nf1 Rad8 14. Ne3 Rfe8 15. Nf5 Bf8 16. Nh2 Ne7 17. Ne3 Nc6 18.
Nhf1 b5 19. Bd2 Na5 20. b3 c4 21. b4 Nc6 22. a4 a6 23. axb5 axb5 24. Ra6 Ra8 25.
Rea1 Rxa6 26. Rxa6 Qb7 27. Ra1 Ra8 28. Rxa8 Qxa8 29. Nd5 Qa1 30. Nxf6+ gxf6 31. Kh2 Nd4 32. Qc1 Qxc1 33. Bxc1 Nc6 34. Ne3 Nb8 35. Nd5 Bxd5 36.
exd5 f5 37. Bh3 Nd7 38. Bxf5 Nf6 39. Bd2 Nxd5 40. Bd7 Nc7 41. Kg2 h5 42. Kf3 f6 43.
Ke4 Kf7 44. Kf5 Bd6 45. Bc6 Bf8 46. Bf3 Kg7 47. Bxh5 Be7 48. Bf3 Bf8 49. Bc6 Kf7 50. g4 Ke7 51. Be4 Ne6 52. Bc6 Nd8 53. Bxb5 Nf7 54.
Kg6 Nd6 55. Bc6 e4 56. h5 f5 57. gxf5 Nc8 58. h6 1-0

[Event "*** Titled Tuesday Blitz"]
[Site "Chess.com"]
[Date "2020.05.26"]
[Round "5"]
[White "JLRHei"]
[Black "yamalchess"]
[Result "1-0"]
[WhiteElo "2340"]
[BlackElo "2503"]
[TimeControl "180+1"]
[EndTime "10:57:21 PDT"]
[Termination "JLRHei won on time"]

1. d4 f5 2. c4 Nf6 3. g3 g6 4.
Bg2 Bg7 5. Nh3 O-O 6. Nf4 Nc6 7. d5 Ne5 8. Qb3 a5 9. h4 a4 10. Qc2 Nf7 11. Nc3 e5 12. dxe6 dxe6 13. Nxa4 e5 14. Nd5 e4 15. Nac3 c6 16. Nf4 Ng4 17. O-O Qb6 18.
b3 Nfe5 19. Na4 Rxa4 20. bxa4 Qc5 21. Rb1 h6 22. Bb2 g5 23. hxg5 Nxf2 24. Rxf2 Ng4 25.
Nh3 Nxf2 26. Nxf2 hxg5 27. Bxg7 Kxg7 28. Qb2+ Kh6 29. Qb4 Qxb4 30. Rxb4 Rd8 31. Rb2 g4 32. Kf1 Be6 33. Rc2 Rd4 34. Ke1 Rxc4 35. Rxc4 Bxc4 36.
a3 b6 37. e3 Bb3 38. Bf1 Bxa4 39. Bc4 Kg5 40. Kd2 b5 41. Be6 c5 42. Bd7 Kf6 43.
Nd1 Ke5 44. Nc3 Bb3 45. Bxb5 Be6 46. a4 Kd6 47. a5 Kc7 48. Na4 Kd6 49. Kc3 Bd5 50.
Nb6 Bb7 51. Nc4+ Kc7 52. a6 Ba8 53. Ne5 1-0

[Event "*** Titled Tuesday Blitz"]
[Site "Chess.com"]
[Date "2020.05.26"]
[Round "5"]
[White "2nd_life"]
[Black "Mikhal867"]
[Result "0-1"]
[WhiteElo "2449"]
[BlackElo "2189"]
[TimeControl "180+1"]
[EndTime "10:57:22 PDT"]
[Termination "Mikhal867 won on time"]

1. e4 g6 2. d4 Bg7 3. Nf3 d6 4.
Bc4 a6 5. O-O e6 6. Bb3 Ne7 7.
c3 Nd7 8. Re1 h6 9. h4 Nf6 10.
Bf4 Ng4 11. Nh2 e5 12. Bg3 h5 13. f3 Nxh2 14. Kxh2 O-O 15. Na3 Nc6 16. dxe5 Bxe5 17. Bxe5 Qxh4+ 18. Kg1 Nxe5 19. Nc4 Nxc4 20. Bxc4 Qg3 21.
Qd2 Kg7 22. Qf2 Qxf2+ 23. Kxf2 Be6 24. Bb3 a5 25. Rad1 a4 26. Bd5 Ra5 27. Re2 b6 28.
Red2 Re8 29. a3 Kf6 30. Ke3 g5 31. g3 Bd7 32. Rh2 Rh8 33. Rdh1 Rb5 34. Bc4 Rc5 35.
Bd5 c6 36. Ba2 g4 37. f4 Rb5 38. Bc4 Rc5 39. Bd3 Ke7 40. Kd4 Be8 41. Bc2 f6 42. Bxa4 d5 43. e5 Rc4+ 44. Kd3 Rxa4 45. exf6+ Kxf6 46. Re1 Bg6+ 47. Kd2 Re4 48. Reh1 Rhe8 49.
Rf2 Re3 50. f5 Bf7 0-1

[Event "*** Titled Tuesday Blitz"]
[Site "Chess.com"]
[Date "2020.05.26"]
[Round "5"]
[White "Aygehovit1992"]
[Black "Elbek_Jumanov"]
[Result "1-0"]
[WhiteElo "2692"]
[BlackElo "2407"]
[TimeControl "180+1"]
[EndTime "10:57:23 PDT"]
[Termination "Aygehovit1992 won by checkmate"]

1. e4 c5 2. Nf3 e6 3. d4 cxd4 4. Nxd4 Nf6 5. Nc3 d6 6. g4 h6 7. h4 Nc6 8. Rg1 d5 9. exd5 Nxd5 10. Nxd5 Qxd5 11. Nxc6 Qxc6 12. Be3 Be7 13. g5 hxg5 14. hxg5 e5 15. Bg2 Qc7 16. Qe2 Bf5 17. O-O-O Rc8 18.
c3 a6 19. Rh1 Rg8 20. Rh4 Qa5 21. Kd2 Qxa2 22. Ke1 g6 23. Bd5 Qa5 24. Rh7 Rf8 25.
Bxb7 Rc7 26. Qxa6 Qxa6 27. Bxa6 Bc5 28. Rd5 Bxe3 29. Rxe5+ Kd7 30. Rxe3 Kd6 31. Bd3 Be6 32. Kd2 Rb7 33. b4 Ra8 34. Re4 Ra2+ 35. Ke3 Bd5 36.
Rd4 Re7+ 37. Be4 Rxe4+ 38. Rxe4 Bxe4 39. Kxe4 Rxf2 40. Rh3 Rf5 41. Rf3 Rxg5 42. Rxf7 Rg4+ 43. Kd3 Rg3+ 44. Kc4 g5 45. Rg7 g4 46. b5 Rg1 47.
Rg6+ Kc7 48. Kc5 g3 49. c4 g2 50. Rg7+ Kc8 51. b6 Kb8 52. Kc6 Re1 53. Rg8+ Re8 54. Rxe8# 1-0